Map: Cyber Forest LE

Players

MCanning - Winner!

  • Race: Protoss Protoss
  • Spawn Location: 5:00

Toodming

  • Race: Zerg Zerg
  • League: Gold
  • Spawn Location: 11:00

Event: 2019 WCS Winter Americas

VOD

Have the link to the VOD?

Description

Time

  • Played on: Jan. 31, 2019, 3:38 p.m.
  • Length: 22:14

All games in this series

Show
View Real Time Build Order
Export as new Build Order

MCanning Protoss - Winner!

Build Orders: 1 Gate Expand, Oracle Opening, Carriers 

Get SALT Encoding   

  12  0:00  Probe  
  13  0:12  Probe  
  14  0:19  Pylon  
  14  0:24  Probe  
  15  0:34  Probe  
  15  0:38  Gateway  
  16  0:43  Probe  
  16  0:49  Assimilator  
  17  0:52  Probe  
  18  1:04  Probe  
  19  1:16  Probe  
  20  1:26  Nexus  
  20  1:36  Cybernetics Core  
  20  1:39  Probe  
  21  1:45  Assimilator  
  21  1:51  Probe  
  22  1:55  Pylon  
  22  2:03  Probe, Adept  
  23  2:15  Probe  
  26  2:22  Stargate  
  26  2:27  Probe  
  27  2:33  Adept  
  27  2:35  Warp Gate  
  27  2:36  Probe  
  29  2:38  Probe  
  29  2:44  Probe  
  31  2:50  Probe  
  33  2:53  Probe  
  33  2:56  Oracle  
  34  3:03  Probe  
  35  3:05  Probe  
  39  3:15  Stalker, Probe  
  39  3:17  Probe  
  43  3:22  Pylon  
  44  3:27  Probe  
  44  3:28  Gateway  
  44  3:30  Oracle, Probe  
  44  3:33  Gateway  
  48  3:41  Probe  
  48  3:46  Probe  
  50  3:54  Probe, Pylon  
  51  3:57  Pylon  
  51  3:58  Probe  
  52  4:06  Probe  
  52  4:07  Oracle  
  52  4:08  Pylon  
  53  4:10  Probe  
  53  4:11  Assimilator  
  57  4:18  Probe  
  57  4:23  Adept x2  
  62  4:28  Adept  
  62  4:30  Probe  
  65  4:34  Probe  
  66  4:39  Assimilator  
  66  4:42  Probe  
  67  4:46  Probe  
  68  4:54  Probe  
  68  4:58  Probe  
  70  5:04  Nexus, Void Ray  
  70  5:07  Pylon  
  68  5:18  Probe  
  68  5:20  Forge  
  68  5:21  Twilight Council  
  69  5:27  Sentry  
  71  5:28  Gateway  
  71  5:29  Gateway  
  71  5:31  Sentry x2  
  71  5:32  Gateway x2  
  71  5:35  Shield Battery  
  75  5:39  Blink  
  75  5:47  Gateway  
  75  5:49  Protoss Ground Weapons Level 1  
  75  5:50  Probe  
  75  5:51  Robotics Facility  
  75  5:54  Probe  
  77  6:05  Probe  
  77  6:06  Zealot x2  
  77  6:08  Probe  
  77  6:10  Pylon  
  83  6:15  Adept  
  83  6:17  Probe  
  83  6:18  Probe  
  83  6:20  Probe  
  83  6:23  Zealot x2  
  86  6:29  Probe  
  86  6:30  Probe, Warp Prism  
  84  6:36  Probe  
  85  6:41  Sentry, Probe  
  85  6:42  Sentry  
  85  6:44  Zealot  
  85  6:45  Stalker x2  
  98  6:51  Pylon  
  98  6:52  Pylon  
  98  7:02  Probe  
  98  7:03  Observer  
  98  7:04  Assimilator  
  98  7:07  Probe  
  100  7:09  Assimilator  
  100  7:11  Probe  
  100  7:13  Stalker x4  
  100  7:14  Pylon  
  110  7:20  Robotics Bay  
  110  7:22  Probe  
  111  7:26  Robotics Facility  
  111  7:30  Stalker x2  
  115  7:43  Stalker x4  
  123  7:48  Phoenix  
  123  7:50  Probe  
  124  7:54  Colossus  
  124  7:58  Extended Thermal Lance, Probe  
  125  8:01  Probe  
  126  8:06  Photon Cannon  
  126  8:07  Shield Battery  
  132  8:13  Pylon  
  132  8:15  Pylon  
  132  8:17  Pylon  
  132  8:18  Pylon  
  132  8:26  Zealot x2  
  130  8:30  Colossus  
  130  8:32  Stalker x3  
  121  8:37  Stalker x3  
  118  8:42  Colossus  
  118  8:46  Zealot  
  120  8:56  Probe  
  120  8:59  Shield Battery  
  120  9:01  Sentry x2, Photon Cannon  
  125  9:03  Shield Battery  
  125  9:07  Adept x4  
  133  9:19  Probe  
  133  9:23  Probe  
  135  9:24  Photon Cannon  
  135  9:27  Shield Battery  
  135  9:29  Charge  
  135  9:31  Sentry  
  135  9:32  Sentry  
  139  9:42  Nexus  
  139  9:43  Pylon  
  135  9:46  Probe  
  135  9:50  Sentry  
  135  9:52  Stalker x5  
  148  10:07  Templar Archives  
  148  10:08  Sentry  
  148  10:09  Photon Cannon  
  148  10:10  Shield Battery  
  148  10:12  Zealot, Disruptor x2  
  156  10:34  Photon Cannon  
  156  10:41  Zealot x4  
  156  10:42  Zealot x2  
  166  10:54  Fleet Beacon  
  166  10:57  Zealot x2  
  166  10:59  Disruptor  
  173  11:07  Assimilator  
  173  11:08  Zealot x4  
  173  11:09  Disruptor  
  173  11:11  Assimilator  
  170  11:26  Zealot x3  
  170  11:27  Zealot  
  170  11:32  Disruptor  
  155  11:37  Zealot x2  
  155  11:38  Zealot x2, Disruptor  
  159  11:45  Mothership  
  158  12:01  Observer  
  158  12:05  Nexus  
  158  12:07  Photon Cannon  
  158  12:08  Shield Battery  
  159  12:11  Pylon  
  157  12:17  Pylon  
  157  12:19  Photon Cannon  
  157  12:24  Photon Cannon  
  157  12:27  Zealot x2  
  157  12:28  High Templar, Photon Cannon  
  157  12:29  High Templar  
  163  12:32  Archon  
  163  12:38  Stargate  
  163  12:39  Observer  
  163  12:43  Zealot x2  
  163  12:44  Zealot x2  
  167  12:55  Disruptor  
  163  13:00  Zealot  
  163  13:09  Zealot  
  148  13:28  Probe  
  148  13:31  Zealot x2  
  148  13:32  Zealot x5  
  161  13:39  Probe  
  158  13:46  Nexus  
  148  13:51  Disruptor  
  148  13:54  Probe, Carrier  
  150  14:04  Carrier  
  150  14:06  Protoss Air Weapons Level 1  
  158  14:19  Zealot x3  
  162  14:26  Photon Cannon  
  162  14:27  Observer  
  162  14:34  Observer  
  162  14:36  High Templar x5  
  174  14:43  Archon x2  
  174  14:45  Photon Cannon  
  174  14:49  Pylon  
  174  14:52  Psionic Storm, Shield Battery  
  174  15:02  Assimilator  
  174  15:10  Zealot  
  174  15:11  Zealot  
  174  15:13  Nexus  
  178  15:15  Pylon  
  178  15:19  Carrier  
  178  15:31  Carrier  
  188  16:08  High Templar x3, Protoss Air Weapons Level 2  
  194  16:23  Carrier  
  198  16:28  Protoss Shields Level 1  
  198  16:29  Photon Cannon  
  198  16:31  Photon Cannon, Shield Battery  
  197  16:41  Stargate  
  197  16:50  Shield Battery x2  
  197  16:53  Pylon  
  197  16:57  Photon Cannon  
  197  16:59  Assimilator  
  197  17:00  Assimilator  
  191  17:01  Carrier  
  189  17:13  Zealot x2  
  196  17:22  Oracle  
  199  17:32  Carrier  
  192  17:46  High Templar  
  198  17:57  Pylon  
  196  18:00  Protoss Air Weapons Level 3  
  194  18:05  Carrier  
  198  18:20  Protoss Shields Level 2  
  194  18:42  Carrier  
  194  18:47  Pylon, Void Ray  
  194  18:48  Nexus  
  183  19:00  Carrier  
  183  19:13  Zealot  
  183  19:14  Zealot x6  
  183  19:15  Zealot  
  199  19:40  Photon Cannon  
  199  19:42  Photon Cannon  
  199  19:43  Photon Cannon, Pylon  
  199  19:44  Shield Battery  
  187  19:46  Zealot x3  
  187  19:47  Zealot x5  
  187  19:49  Photon Cannon  
  193  19:58  Carrier  
  199  20:04  Observer  
  194  20:09  Void Ray  
  188  20:22  Zealot x5  
  188  20:23  Zealot  
  200  20:30  Stargate  
  194  20:40  High Templar  
  194  20:41  High Templar  
  190  20:45  Stargate  
  190  20:47  Stargate  
  190  20:49  Stargate  
  190  20:54  Void Ray  
  194  20:58  Assimilator  
  194  21:01  Assimilator  
  192  21:14  Void Ray  
  196  21:20  High Templar  
  196  21:21  Nexus  
  196  21:23  Pylon  
  196  21:24  Pylon  
Show
View Real Time Build Order
Export as new Build Order

Toodming Zerg 

Build Orders: Hatch First, Lurkers, Roach Hydra 

Get SALT Encoding   

  12  0:01  Drone  
  13  0:12  Overlord  
  13  0:17  Drone  
  14  0:31  Drone x2  
  16  0:49  Hatchery  
  15  0:53  Drone  
  15  0:55  Drone  
  17  0:59  Drone  
  18  1:10  Extractor  
  17  1:15  Spawning Pool  
  17  1:17  Drone  
  17  1:20  Drone  
  18  1:28  Drone  
  19  1:39  Drone  
  20  1:49  Overlord  
  20  2:01  Queen x2  
  20  2:02  Zergling x2  
  20  2:03  Zergling x2  
  26  2:09  Metabolic Boost  
  26  2:12  Drone x2  
  28  2:21  Drone  
  29  2:23  Drone  
  30  2:36  Hatchery  
  29  2:41  Queen  
  31  2:46  Overlord  
  31  2:49  Drone  
  32  2:54  Drone x3  
  35  2:59  Drone  
  35  3:05  Drone  
  37  3:07  Drone  
  37  3:08  Drone  
  37  3:10  Drone x2  
  41  3:13  Drone  
  41  3:17  Queen  
  44  3:24  Spore Crawler  
  44  3:25  Drone  
  44  3:26  Overlord  
  44  3:30  Overlord  
  44  3:48  Drone x5  
  45  3:54  Roach Warren  
  45  3:55  Extractor  
  47  3:56  Queen  
  47  3:57  Spore Crawler  
  47  3:58  Drone x2  
  50  4:04  Drone x2  
  50  4:05  Drone  
  53  4:10  Drone x2  
  53  4:11  Drone  
  53  4:12  Lair  
  55  4:17  Overlord  
  55  4:28  Drone x3  
  55  4:29  Overlord x2  
  58  4:39  Roach x2  
  58  4:40  Roach x2  
  66  4:46  Overlord  
  66  4:47  Overlord  
  66  4:48  Roach x2  
  66  4:49  Roach  
  72  4:54  Roach  
  74  5:04  Zergling x12  
  78  5:12  Zergling x10  
  81  5:18  Drone x4  
  81  5:20  Glial Reconstitution  
  85  5:23  Overlord  
  85  5:30  Hydralisk Den  
  85  5:31  Extractor  
  85  5:32  Evolution Chamber, Extractor  
  85  5:33  Drone x2  
  83  5:40  Drone x3  
  86  5:44  Drone  
  86  5:45  Drone  
  86  5:47  Drone  
  86  5:48  Drone x2  
  91  5:54  Ravager x2  
  93  5:58  Overlord  
  93  6:02  Drone x2  
  93  6:03  Overlord  
  95  6:04  Extractor, Drone x3  
  95  6:07  Drone x3  
  95  6:09  Extractor, Zerg Missile Weapons Level 1  
  96  6:20  Drone x8  
  96  6:24  Overlord  
  88  6:35  Hydralisk x3  
  88  6:36  Hydralisk x3  
  92  6:44  Overlord  
  92  6:47  Hydralisk  
  92  6:49  Grooved Spines  
  92  6:51  Roach  
  98  6:54  Hatchery, Roach x2  
  98  6:59  Roach x2  
  103  7:02  Roach x2  
  103  7:03  Overlord  
  103  7:05  Overlord  
  107  7:15  Overseer  
  107  7:20  Ravager x3  
  107  7:21  Zergling x10  
  107  7:22  Zergling x8  
  118  7:27  Spine Crawler x2  
  118  7:29  Spine Crawler  
  115  7:35  Ravager  
  115  7:36  Hydralisk x3  
  122  7:38  Zergling x12  
  128  7:44  Zergling x2  
  128  7:45  Zergling x2  
  128  7:50  Zergling x2  
  131  7:55  Drone  
  131  7:56  Lurker Den  
  132  7:59  Zergling x2  
  132  8:00  Zergling x12  
  132  8:05  Zergling x2  
  139  8:08  Zerg Missile Weapons Level 2  
  139  8:11  Overlord  
  138  8:16  Zergling x8  
  142  8:22  Hatchery  
  139  8:27  Hydralisk x3  
  139  8:31  Hatchery  
  139  8:33  Hydralisk x3  
  139  8:34  Hydralisk x2  
  140  8:37  Hydralisk  
  140  8:41  Hydralisk x2  
  135  8:45  Zergling x8  
  132  8:57  Drone x3  
  132  8:58  Drone x4  
  138  9:11  Overlord x2  
  138  9:13  Muscular Augments  
  138  9:20  Zergling x16  
  145  9:29  Drone x2  
  147  9:35  Lurker x5  
  147  9:36  Lurker  
  147  9:38  Extractor x2  
  151  9:44  Drone x2  
  151  9:45  Drone x4  
  154  9:46  Overlord  
  155  9:57  Lurker x3  
  159  10:11  Hydralisk x5  
  169  10:20  Hydralisk x3  
  174  10:21  Zergling x2  
  174  10:22  Zergling x28  
  174  10:24  Zergling x4  
  191  10:30  Hydralisk  
  191  10:33  Zergling x2  
  192  10:42  Hydralisk x2  
  186  10:43  Hydralisk  
  186  10:45  Zergling x8  
  191  10:55  Overlord  
  191  10:56  Overlord  
  188  11:08  Hydralisk  
  188  11:09  Zergling x4  
  192  11:12  Infestation Pit  
  192  11:13  Spire  
  190  11:25  Hydralisk x3  
  162  11:26  Zergling x28  
  162  11:28  Hydralisk  
  162  11:29  Hydralisk x2  
  162  11:32  Hydralisk  
  174  11:39  Hydralisk  
  172  11:41  Hydralisk x3  
  172  11:42  Zergling x4  
  172  11:43  Hydralisk, Zergling x2  
  172  11:44  Zergling x8  
  172  11:55  Lurker x3  
  172  11:56  Lurker  
  172  11:57  Hive  
  174  12:04  Zergling x18  
  174  12:08  Lurker x4  
  177  12:21  Spine Crawler  
  176  12:23  Zergling x12  
  181  12:31  Hatchery  
  181  12:33  Hatchery  
  181  12:35  Hydralisk x3  
  154  12:57  Hydralisk x2  
  154  12:58  Hydralisk x3  
  157  12:59  Hydralisk  
  157  13:01  Zergling x6  
  154  13:05  Drone  
  154  13:06  Drone x3  
  137  13:20  Hydralisk x4  
  137  13:24  Greater Spire  
  132  13:31  Hydralisk x2  
  132  13:32  Hydralisk x7  
  132  13:33  Zergling x2  
  132  13:34  Zergling x6  
  145  13:35  Zergling x2  
  140  13:47  Lurker x3  
  140  13:48  Lurker  
  137  13:59  Drone x4  
  137  14:02  Hydralisk x6  
  145  14:03  Hydralisk  
  145  14:07  Zergling x2  
  145  14:08  Zergling x4  
  155  14:24  Corruptor  
  155  14:25  Corruptor x2  
  154  14:32  Lurker x2  
  154  14:38  Spore Crawler  
  149  14:40  Drone x3, Baneling Nest  
  149  14:41  Drone x2  
  149  14:44  Overseer  
  153  14:50  Corruptor x2  
  153  14:51  Corruptor  
  153  14:52  Overseer  
  159  14:56  Spore Crawler  
  159  14:57  Spore Crawler  
  157  15:04  Drone x3  
  157  15:05  Spore Crawler, Drone  
  157  15:06  Spore Crawler  
  159  15:07  Spore Crawler  
  158  15:23  Brood Lord  
  158  15:24  Brood Lord x3  
  166  15:41  Brood Lord x2  
  166  15:42  Overseer x2  
  154  16:05  Corruptor x4  
  162  16:17  Zergling x22  
  169  16:43  Brood Lord x4  
  177  16:55  Spore Crawler  
  177  16:58  Hatchery  
  177  16:59  Corruptor x6  
  177  17:01  Overlord x4  
  183  17:10  Spore Crawler  
  183  17:11  Spore Crawler x2  
  183  17:12  Spore Crawler  
  177  17:29  Pneumatized Carapace  
  174  17:31  Viper x3  
  164  17:44  Corruptor x2  
  168  17:56  Hatchery  
  167  18:12  Corruptor x2  
  167  18:13  Corruptor x3  
  167  18:17  Zerg Flyer Weapons Level 1  
  177  18:34  Corruptor  
  177  18:35  Corruptor x2  
  183  18:50  Corruptor x3  
  149  19:26  Brood Lord x4  
  148  19:50  Brood Lord x2  
  149  20:01  Extractor x2  
  144  20:07  Hatchery  
  140  20:15  Drone x3  
  140  20:16  Spire  
  142  20:31  Corruptor x2  
  143  21:02  Hatchery  
  142  21:21  Extractor x2  
Tags
 
Add a new tag
Caveats
  • Supply blocks, unpowered buildings, or Contaminate may cause inaccurate times.
  • Supply counts are checked every 10 seconds.